 Dungeon Sprint DCSS version 0.29.1-15-g9cfb28693d (webtiles) character file.

Game seed: 13410134017784493825

772 Groucho the Fighter (level 7, -4/70 HPs)
             Began as a Ghoul Fighter on Mar 24, 2023.
             Was a Follower of Makhleb.
             Slain by an unseen horror (8 damage)
             ... in the Dungeon (Sprint IX: "|||||||||||||||||||||||||||||").
             The game lasted 00:01:50 (639 turns).

Groucho the Fighter (Ghoul Fighter)                  Turns: 639, Time: 00:01:50

Health: -4/70      AC: 10    Str: 22    XL:     7   Next: 83%
Magic:  8/10       EV: 10    Int:  6    God:    Makhleb [*.....]
Gold:   0          SH:  5    Dex: 11    Spells: 6/6 levels left

rFire   . . .      SeeInvis .   a - +0 war axe
rCold   + . .      Faith    .   c - +0 buckler
rNeg    + + +      Spirit   .   p - +2 ring mail
rPois   ∞          Reflect  .   o - +0 helmet
rElec   .          Harm     .   (no cloak)
rCorr   .          Rampage  .   (no gloves)
Will    .....      NoTele   +   (no boots)
Stlth   +.........              (no amulet)
HPRegen 0.00/turn               b - +3 ring of intelligence
MPRegen 0.12/turn               q - +3 ring of dexterity

@: inhibited regen
A: claws 1, cold resistance 1, negative energy resistance 3, inhibited
regeneration, torment resistance 2, devour on kill
a: Renounce Religion


You were in the Dungeon.
You worshipped Makhleb.
Makhleb was aware of your devotion.
You visited 1 branch

Inventory:

Hand Weapons
 a - a +0 war axe (weapon)
 m - a +2 morningstar of protection
 n - a +3 war axe of freezing
Armour
 c - a +0 buckler (worn)
 o - a +0 helmet (worn)
 p - a +2 ring mail (worn)
Jewellery
 b - a +3 ring of intelligence (left claw)
 q - a +3 ring of dexterity (right claw)
Wands
 l - a wand of light (10)
Scrolls
 i - 2 scrolls of blinking
 k - 2 scrolls of amnesia
Potions
 d - a potion of might
 e - 5 potions of curing
 g - a potion of haste
 h - 4 potions of magic


   Skills:
 + Level 9.2 Fighting
 + Level 7.3 Axes
 + Level 7.7 Armour
 + Level 7.6 Shields
 + Level 6.4 Invocations


You had 6 spell levels left.
You didn't know any spells.
Your spell library was empty.

Dungeon Overview and Level Annotations

Branches:
Dungeon (1/1)

Altars:
Cheibriados
Dithmenos
Fedhas
Gozag
Hepliaklqana
Kikubaaqudgha
Makhleb
Nemelex Xobeh
Okawaru
Qazlal
Ru
Sif Muna
Trog
Uskayaw
Vehumet
Wu Jian
Xom
Yredelemnul
Jiyva
Lugonu


Innate Abilities, Weirdness & Mutations

You are immune to poison.
You have sharp fingernails.
Your flesh is cold resistant. (rC+)
You are immune to negative energy. (rN+++)
You do not regenerate when monsters are visible.
You are immune to unholy pain and torment.
You thrive by killing the living.


Message History

The howler monkey is almost dead.
The howler monkey hits you. You block the howler monkey's attack.
You slash the howler monkey!
You kill the howler monkey!
Makhleb accepts your kill.
You can now gain health from killing.
Something hits you.
Deactivating autopickup; reactivate with Ctrl-A.
Something hits you.
Unknown command.
You miss something. Something hits you but does no damage.
You block something's attack.
Unknown command.
You miss something. Something hits you but does no damage.
Unknown command.
Something hits you. x2
* * * LOW HITPOINT WARNING * * *
Items here: ) [ †††.
You closely miss something. Something hits you but does no damage.
Something hits you.
* * * LOW HITPOINT WARNING * * *
Unknown command.
You slash something! Something hits you.
* * * LOW HITPOINT WARNING * * *
Unknown command.
You feel much better. Something hits you but does no damage.
Something hits you.
You closely miss something. Something hits you but does no damage.
You miss something. Something hits you. Something hits you.
* * * LOW HITPOINT WARNING * * *
Something hits you but does no damage.
You hit something. Something hits you.
* * * LOW HITPOINT WARNING * * *
Something hits you but does no damage.
You slash something! Something hits you.
* * * LOW HITPOINT WARNING * * *
Something hits you!
* * * LOW HITPOINT WARNING * * *
You miss something. Something hits you!
You die... ▓▓▓▓▓▓▓▓▓▓▓▓▓▓▓▓▓▓▓▓▓ ___'..)..[[..))[@...+ ▓▓▓▓▓▓▓▓▓▓▓▓▓▓▓▓▓▓▓▓▓

There were no monsters in sight!

Vanquished Creatures
  A troll (D)
  A centaur (D)
  A scorpion (D)
  A howler monkey (D)
  A gnoll bouda (D)
  An iguana (D)
  2 adders (D)
  An endoplasm (D)
  A giant cockroach (D)
  A hobgoblin (D)
  2 ball pythons (D)
13 creatures vanquished.

Vanquished Creatures (others)
  A two-headed ogre (D)
  A kobold demonologist (D)
2 creatures vanquished.

Grand Total: 15 creatures vanquished

Notes
Turn   | Place    | Note
-------+----------+-------------------------------------------
     0 | D        | Groucho the Ghoul Fighter began the quest for the Orb.
     0 | D        | Reached XP level 1. HP: 19/19 MP: 0/0
    15 | D        | Noticed a gnoll bouda
    15 | D        | Noticed a scorpion
    15 | D        | Noticed an iguana
    20 | D        | Killed a gnoll bouda
    21 | D        | Reached skill level 4 in Fighting
    21 | D        | Reached XP level 2. HP: 23/28 MP: 1/1
    21 | D        | Reached XP level 3. HP: 28/34 MP: 2/2
    31 | D        | Killed a scorpion
    32 | D        | Reached skill level 5 in Fighting
    32 | D        | Reached XP level 4. HP: 35/44 MP: 3/3
    37 | D        | Reached skill level 6 in Fighting
    37 | D        | Reached skill level 5 in Armour
    37 | D        | Reached skill level 5 in Shields
    37 | D        | Reached XP level 5. HP: 23/50 MP: 4/4
   532 | D        | Found a snail-covered altar of Cheibriados.
   532 | D        | Found a shadowy altar of Dithmenos.
   532 | D        | Found a blossoming altar of Fedhas.
   532 | D        | Found an opulent altar of Gozag.
   533 | D        | Found a hazy altar of Hepliaklqana.
   534 | D        | Found a viscous altar of Jiyva.
   535 | D        | Found an ancient bone altar of Kikubaaqudgha.
   536 | D        | Found a corrupted altar of Lugonu.
   537 | D        | Found a burning altar of Makhleb.
   538 | D        | Found a sparkling altar of Nemelex Xobeh.
   539 | D        | Found an iron altar of Okawaru.
   540 | D        | Found a stormy altar of Qazlal.
   541 | D        | Found a sacrificial altar of Ru.
   542 | D        | Found a shimmering blue altar of Sif Muna.
   543 | D        | Found a bloodstained altar of Trog.
   544 | D        | Found a hide-covered altar of Uskayaw.
   545 | D        | Became a worshipper of Makhleb the Destroyer
   546 | D        | Found a radiant altar of Vehumet.
   547 | D        | Found an ornate altar of the Wu Jian Council.
   548 | D        | Found a shimmering altar of Xom.
   549 | D        | Found a basalt altar of Yredelemnul.
   595 | D        | Noticed a kobold demonologist
   595 | D        | Noticed a two-headed ogre
   595 | D        | Noticed a centaur
   595 | D        | Noticed a troll
   599 | D        | Noticed a ynoxinul
   605 | D        | Killed a kobold demonologist
   606 | D        | Reached skill level 7 in Fighting
   606 | D        | Reached skill level 5 in Axes
   606 | D        | Reached XP level 6. HP: 57/60 MP: 4/7
   610 | D        | Killed a two-headed ogre
   611 | D        | Reached skill level 8 in Fighting
   618 | D        | Reached skill level 5 in Invocations
   618 | D        | Reached XP level 7. HP: 50/69 MP: 5/9
   621 | D        | Killed a troll
   622 | D        | Reached skill level 9 in Fighting
   627 | D        | Reached * piety under Makhleb
   639 | D        | Slain by an unseen horror

Illustrated notes

Levels and vault maps discovered:
D:        linesprint [early_d, line_temple, items_1, d_10, items_2, lair_1,
          lair_end, items_3, orc_1, orc_end, items_4, d_15, swamp_1, shoals_1,
          snake_1, spider_1, d_20, vaults_1, items_5, swamp_end, shoals_end,
          snake_end, spider_end, vaults_end, d_27, items_6, zot_1, zot_end,
          crypt_end, forest_end, elf_end, slime_end, tomb_end, abyss_end,
          pan_hell_end]

Skill      XL: |  1  2  3  4  5  6  7 |
---------------+----------------------+-----
Axes           | 3 4 5 6 7 |  7.3
Armour         | 3 4 5 6 7 |  7.7
Shields        | 3 4 5 6 7 |  7.6
Fighting       | 4 5 6 7 8 9 |  9.2
Invocations    | 3 5 6 |  6.4

Action                   |  1- 3 |  4- 6 |  7- 9 || total
-------------------------+-------+-------+-------++-------
Melee: War axe           |    21 |    32 |    19 ||    72
  Use: Potion            |       |     3 |     1 ||     4
Armor: Scale mail        |     8 |     6 |       ||    14
       Ring mail         |       |     7 |     8 ||    15
Dodge: Dodged            |     7 |    23 |     9 ||    39
Block: Buckler           |     3 |    13 |     4 ||    20
